Map: Dusty Gorge

Players

weinerdic

  • Race: Protoss Protoss
  • League: Silver
  • Spawn Location: 3:00

Sam

  • Race: Terran Terran
  • Spawn Location: 5:00

Subwaymaker - Winner!

  • Race: Protoss Protoss
  • League: Gold
  • Spawn Location: 11:00

Mesrob - Winner!

  • Race: Terran Terran
  • League: Platinum
  • Spawn Location: 9:00

VOD

Have the link to the VOD?

Description

Time

  • Played on: July 16, 2019, 9:10 p.m.
  • Length: 10:58
Show
View Real Time Build Order
Export as new Build Order

weinerdic Protoss 

Build Orders:  

Get SALT Encoding   

  12  0:14  Pylon  
  12  0:34  Forge  
  12  0:42  Probe  
  12  0:43  Gateway  
  13  0:50  Probe  
  14  1:00  Probe  
  15  1:12  Pylon, Probe  
  16  1:23  Photon Cannon  
  16  1:33  Assimilator  
  16  1:35  Probe  
  17  1:47  Probe, Photon Cannon  
  18  2:01  Photon Cannon  
  18  2:12  Photon Cannon  
  18  2:16  Probe  
  19  2:28  Probe  
  20  2:34  Cybernetics Core  
  20  2:40  Probe  
  21  2:50  Pylon  
  21  3:02  Assimilator  
  21  3:11  Stargate  
  21  3:25  Photon Cannon  
  21  3:28  Probe  
  22  3:35  Photon Cannon  
  22  3:40  Probe  
  23  3:51  Photon Cannon  
  23  3:55  Photon Cannon  
  23  3:59  Pylon  
  23  4:01  Protoss Shields Level 1  
  23  4:03  Void Ray  
  27  4:27  Stalker  
  29  5:11  Void Ray  
  33  5:53  Void Ray  
  37  6:04  Pylon  
  37  6:30  Protoss Air Weapons Level 1  
  37  6:36  Void Ray  
  38  7:16  Photon Cannon  
  38  7:19  Void Ray  
  42  7:32  Robotics Facility  
  42  8:01  Pylon  
  42  8:02  Void Ray  
  46  8:38  Protoss Air Armor Level 1  
  46  8:39  Photon Cannon  
  46  8:43  Observer  
  46  8:45  Void Ray  
  51  9:01  Nexus  
  51  9:04  Immortal  
  55  9:17  Pylon  
  55  9:27  Pylon, Void Ray  
  59  9:43  Immortal  
  63  10:12  Immortal  
Show
View Real Time Build Order
Export as new Build Order

Sam Terran 

Build Orders:  

Get SALT Encoding   

  12  2:21  Supply Depot  
  12  2:24  Supply Depot  
  12  2:29  Supply Depot  
  12  2:37  Command Center  
  12  2:40  SCV  
  13  2:46  Refinery  
  13  2:49  Refinery  
  13  2:53  SCV  
  14  3:05  SCV  
  15  3:17  Command Center, SCV  
  16  3:29  SCV  
  17  3:43  Barracks  
  17  3:47  Command Center  
  17  3:49  SCV  
  18  4:01  SCV  
  19  4:13  SCV  
  20  4:25  SCV  
  21  4:37  SCV  
  21  4:49  Marine  
  20  5:06  Marine  
  20  5:08  Refinery  
  20  5:12  Refinery  
  19  5:35  Supply Depot  
  19  5:44  Orbital Command  
  19  5:46  Orbital Command  
  19  5:48  Orbital Command  
  19  5:51  Orbital Command  
  19  6:26  SCV  
  20  6:38  SCV  
  20  6:39  SCV  
  22  6:46  SCV  
  23  6:50  SCV  
  23  6:52  SCV  
  25  6:58  SCV  
  26  7:03  SCV  
  26  7:04  SCV  
  28  7:13  Factory  
  28  7:15  SCV  
  29  7:16  SCV  
  29  7:17  SCV  
  31  7:28  SCV  
  31  7:29  SCV  
  33  7:56  SCV  
  34  8:00  SCV  
  34  8:05  Factory Tech Lab  
  35  8:08  Starport, SCV  
  36  8:12  SCV  
  36  8:15  Refinery  
  36  8:19  Refinery  
  37  8:20  SCV  
  37  8:25  SCV  
  39  8:33  SCV x2  
  41  8:37  SCV  
  42  8:45  SCV x2  
  44  8:49  SCV  
  45  8:57  SCV  
  46  9:09  SCV  
  47  9:17  Starport Tech Lab  
  47  9:21  SCV  
  47  9:22  Starport  
Show
View Real Time Build Order
Export as new Build Order

Subwaymaker Protoss - Winner!

Build Orders: Zealot Archon, Archon Drop, Dark Templar Rush 

Get SALT Encoding   

  12  0:01  Probe  
  13  0:19  Pylon  
  13  0:23  Probe  
  14  0:34  Probe  
  15  0:40  Gateway  
  15  0:42  Probe  
  15  0:47  Assimilator  
  16  0:50  Probe  
  17  0:59  Probe  
  17  1:03  Assimilator  
  18  1:07  Probe  
  19  1:18  Probe  
  19  1:19  Pylon  
  20  1:30  Cybernetics Core  
  20  1:35  Probe  
  21  1:41  Zealot  
  23  1:48  Probe  
  24  2:06  Gateway  
  24  2:09  Warp Gate  
  24  2:11  Twilight Council  
  24  2:13  Pylon  
  24  2:16  Probe  
  25  2:28  Pylon  
  25  2:43  Pylon  
  25  2:46  Gateway  
  25  2:51  Dark Shrine  
  24  2:59  Adept  
  24  3:03  Adept  
  28  3:15  Probe  
  29  3:29  Robotics Facility  
  29  3:46  Nexus  
  29  3:51  Probe  
  29  3:52  Assimilator  
  30  3:59  Probe  
  30  4:07  Probe  
  32  4:19  Probe  
  33  4:35  Warp Prism  
  35  4:52  Probe  
  35  4:56  Probe  
  36  5:00  Probe  
  36  5:04  Probe  
  38  5:08  Probe  
  38  5:10  Stalker x2  
  42  5:14  Probe  
  42  5:19  Probe  
  44  5:22  Gateway  
  44  5:23  Gateway  
  42  5:34  Probe  
  41  5:35  Observer  
  41  5:37  Probe  
  41  5:42  Probe  
  43  5:47  Assimilator  
  43  5:49  Probe  
  45  5:55  Pylon, Dark Templar  
  45  5:56  Dark Templar  
  49  6:07  Archon  
  49  6:17  Dark Templar  
  49  6:18  Dark Templar  
  53  6:22  Archon  
  53  6:32  Stalker  
  55  6:33  Stalker  
  55  6:37  Gateway  
  57  6:40  Pylon  
  57  6:45  Probe x2  
  59  6:57  Probe  
  50  7:05  Stalker x4  
  58  7:19  Gateway  
  58  7:21  Blink  
  58  7:22  Gateway  
  58  7:23  Gateway  
  58  7:25  Gateway  
  58  7:30  Stalker x3, Probe  
  58  7:31  Stalker, Probe  
  68  7:38  Probe  
  68  7:39  Probe  
  68  7:53  Pylon  
  68  8:04  Probe x2  
  70  8:20  Zealot  
  70  8:21  Zealot x5  
  82  8:37  Dark Templar x2  
  86  8:53  Pylon, Nexus  
  86  8:56  Pylon  
  86  8:58  Assimilator  
  86  9:00  Pylon  
  86  9:02  Assimilator  
  86  9:11  Immortal  
  90  9:37  Dark Templar x7  
  90  9:38  Dark Templar  
  98  10:25  Stalker  
  98  10:26  Stalker x7  
Show
View Real Time Build Order
Export as new Build Order

Mesrob Terran - Winner!

Build Orders: 2 Factory, Reaper Expand 

Get SALT Encoding   

  12  0:00  SCV  
  13  0:12  SCV  
  14  0:18  Supply Depot  
  14  0:24  SCV  
  15  0:40  SCV  
  15  0:41  Barracks  
  16  0:47  Refinery  
  16  0:52  SCV  
  17  1:05  SCV  
  18  1:17  SCV  
  19  1:29  Orbital Command  
  19  1:41  Command Center  
  19  1:42  Reaper  
  20  1:53  Supply Depot  
  20  1:56  Refinery  
  20  1:59  SCV  
  21  2:17  Factory  
  21  2:21  SCV  
  22  2:30  Barracks Reactor  
  22  2:33  SCV  
  23  2:44  Supply Depot  
  23  2:47  SCV  
  24  2:59  SCV  
  24  3:03  Orbital Command  
  25  3:12  SCV  
  26  3:13  Factory  
  26  3:17  Hellion x2  
  30  3:24  SCV  
  30  3:25  Refinery  
  31  3:34  Supply Depot  
  31  3:35  Engineering Bay  
  31  3:36  SCV  
  32  3:48  SCV  
  33  3:52  Hellion  
  33  3:53  Hellion  
  37  3:58  Supply Depot  
  37  4:00  SCV  
  38  4:08  SCV  
  39  4:12  SCV  
  39  4:14  Factory Tech Lab  
  39  4:15  Factory  
  40  4:21  SCV  
  41  4:45  Cyclone  
  41  4:47  Hellion x2  
  41  4:52  Starport  
  48  5:03  SCV  
  48  5:04  SCV  
  50  5:15  Command Center  
  50  5:16  Factory Tech Lab  
  50  5:18  Cyclone  
  53  5:23  Refinery  
  53  5:26  SCV x2  
  53  5:28  Starport  
  55  5:38  SCV x2  
  57  5:43  Cyclone  
  57  5:44  Hellion x2  
  57  5:48  Starport Reactor  
  64  5:56  Armory  
  64  5:58  Armory  
  64  6:03  Supply Depot  
  64  6:05  Supply Depot  
  64  6:10  Supply Depot  
  64  6:21  Cyclone  
  64  6:22  Cyclone  
  70  6:30  Planetary Fortress  
  70  6:33  Supply Depot  
  70  6:34  SCV  
  70  6:36  SCV  
  72  6:42  Refinery  
  72  6:46  SCV  
  73  6:48  SCV  
  74  6:54  Starport Tech Lab  
  74  6:58  SCV  
  74  7:00  SCV  
  76  7:01  Viking x2  
  76  7:04  Terran Ship Weapons Level 1  
  76  7:05  Terran Vehicle And Ship Armor Level 1  
  80  7:10  SCV  
  80  7:12  SCV  
  80  7:14  Starport  
  82  7:20  Refinery, SCV  
  82  7:22  SCV  
  84  7:24  SCV  
  84  7:25  Supply Depot  
  85  7:32  Liberator, SCV, Cyclone  
  85  7:34  SCV  
  85  7:36  SCV, Cyclone  
  94  7:47  Viking  
  94  7:48  Viking, SCV  
  94  7:49  Supply Depot  
  102  7:57  SCV x2  
  104  8:00  SCV  
  105  8:08  Cyclone  
  105  8:09  SCV x2, Cyclone  
  105  8:10  Hellion  
  116  8:12  SCV  
  116  8:13  Hellion  
  116  8:17  Starport Reactor  
  116  8:19  Viking  
  120  8:23  Fusion Core  
  120  8:40  Thor  
  126  8:41  Thor  
  132  9:25  Supply Depot  
  132  9:29  Supply Depot  
  132  9:30  Supply Depot  
  132  9:32  SCV  
  133  9:47  SCV x3, Cyclone  
  133  9:48  Supply Depot  
  133  9:51  Supply Depot, Cyclone  
  142  9:54  Supply Depot  
  142  10:06  Starport  
  142  10:12  Supply Depot  
  133  10:26  Viking x3  
  133  10:27  Viking  
  147  10:30  Hellion x2  
  147  10:32  SCV x3  
  147  10:35  Supply Depot  
  156  10:44  SCV x3  
  161  10:54  Command Center  
  161  10:57  Supply Depot  
Tags
 
Add a new tag
Caveats
  • Supply blocks, unpowered buildings, or Contaminate may cause inaccurate times.
  • Supply counts are checked every 10 seconds.